Get step-by-step instructions on how to execute this build order below. Start the game timer, and the build order will tick by so you can play in parallel with StarCraft on a second screen or mobile device.

Game Time

  0:00

Last Step

  N/A

Next Step

Upcoming Step



Don't want to look back and forth between 2 screens? Try out our Overwolf App, the Spawning Tool Build Advisor to get an in-game overlay with this build!

Complete Build Order

  12  0:02  Drone  
  13  0:18  Overlord  
  13  0:24  Drone  
  14  0:37  Drone x2  
  14  0:40  Drone  
  17  0:52  Drone  
  18  1:02  Drone  
  18  1:03  Hatchery  
  18  1:24  Drone x2  
  20  1:32  Spawning Pool  
  19  1:34  Extractor  
  19  1:36  Extractor  
  17  1:49  Drone  
  17  1:50  Drone  
  19  2:08  Drone x2  
  21  2:16  Drone  
  21  2:18  Drone  
  23  2:27  Drone  
  24  2:30  Drone  
  25  2:37  Overlord  
  25  2:49  Drone, Extractor  
  25  2:50  Drone x2  
  27  3:09  Zergling x6  
  30  3:14  Drone  
  30  3:17  Hatchery  
  30  3:18  Lair  
  30  3:21  Extractor, Drone x2  
  31  3:45  Drone x2, Queen  
  31  3:46  Drone  
  36  3:49  Extractor, Overlord  
  35  4:00  Drone  
  36  4:05  Overlord x2  
  36  4:11  Drone  
  36  4:37  Roach Warren, Queen, Hydralisk Den  
  36  4:39  Pneumatized Carapace  
  36  4:40  Drone x3  
  36  4:45  Drone x2, Queen  
  41  4:47  Drone x3  
  46  5:01  Overlord  
  46  5:03  Overlord  
  46  5:06  Overlord  
  46  5:07  Grooved Spines  
  46  5:09  Drone  
  46  5:11  Drone x3  
  46  5:12  Drone  
  52  5:14  Drone x2  
  53  5:34  Overlord x2  
  53  5:37  Spore Crawler  
  53  5:39  Spine Crawler  
  51  5:48  Zergling x4  
  51  5:49  Zergling x8, Roach x4  
  61  6:03  Spore Crawler  
  59  6:05  Spore Crawler  
  57  6:17  Zergling x6, Roach x2  
  64  6:19  Queen